 Dungeon Crawl Stone Soup version 0.27-b1-23-g44b8eac545 (webtiles) character file.

Game seed: 9088437038769965759

70 oldmanjim the Grasshopper (level 4, 0/38 HPs)
             Began as a Gnoll Warper on July 27, 2021.
             Slain by Purgy (2 damage)
             ... in a sewer.
             The game lasted 00:11:28 (2472 turns).

oldmanjim the Grasshopper (Gnoll Warper)            Turns: 2472, Time: 00:11:28

Health: 0/38       AC:  6    Str: 11    XL:     4   Next: 21%
Magic:  11/11      EV: 12    Int: 13    God:
Gold:   135        SH:  0    Dex: 11    Spells: 11/13 levels left

rFire    . . .     SeeInvis .   a - +2 short sword (elec)
rCold    . . .     Faith    .   (no shield)
rNeg     . . .     Spirit   .   k - +0 leather armour
rPois    .         Reflect  .   (no helmet)
rElec    .         Harm     .   (no cloak)
rCorr    .         Rampage  .   r - +2 pair of gloves
Will     .....                  (no boots)
Stlth    +.........             (no amulet)
HPRegen  0.12/turn              (no ring)
MPRegen  0.12/turn              (no ring)

@: no status effects
A: fangs 1, strong nose, distributed training
a: no special abilities


You were in a sewer.
You visited 1 branch of the dungeon, and saw 3 of its levels.
You also visited: Sewer.

You collected 135 gold pieces.

Inventory:

Hand Weapons
 a - a +2 short sword of electrocution (weapon)
 b - a +0 hunting sling
 m - a +0 hand axe
 n - a +1 dagger of venom
Missiles
 d - 5 boomerangs of dispersal (quivered)
 e - 68 stones
 h - 25 poisoned darts
 o - 21 sling bullets
 s - a throwing net
Armour
 j - a +0 scale mail
 k - a +0 leather armour (worn)
 r - a +2 pair of gloves (worn)
Magical Staves
 q - a staff of conjuration
Scrolls
 c - a scroll of blinking
 f - 2 scrolls of identify {unknown}
 g - a scroll of summoning {unknown}
 l - a scroll of fear {unknown}
 p - a scroll of fog {unknown}
 u - a scroll of enchant weapon {unknown}
Potions
 i - a potion of resistance
 t - a potion of cancellation {unknown}


   Skills:
 + Level 4.6 Fighting
 + Level 1.0 Short Blades
 + Level 1.0 Long Blades
 + Level 4.6 Axes
 + Level 1.0 Maces & Flails
 + Level 1.0 Polearms
 + Level 1.0 Staves
 + Level 1.0 Slings
 + Level 1.0 Bows
 + Level 1.0 Crossbows
 + Level 2.7 Throwing
 + Level 2.7 Armour
 + Level 4.6 Dodging
 + Level 1.0 Stealth
 + Level 1.0 Shields
 + Level 1.0 Unarmed Combat
 + Level 5.0 Spellcasting
 + Level 0.8 Conjurations
 + Level 0.8 Hexes
 + Level 0.8 Summonings
 + Level 0.8 Necromancy
 + Level 5.4 Translocations
 + Level 0.8 Transmutations
 + Level 0.8 Fire Magic
 + Level 0.8 Ice Magic
 + Level 0.8 Air Magic
 + Level 0.8 Earth Magic
 + Level 0.8 Poison Magic
 + Level 1.1 Invocations
 + Level 1.0 Evocations


You had 11 spell levels left.
You knew the following spells:

 Your Spells              Type           Power      Damage    Failure   Level
a - Blink                 Tloc           N/A        N/A       3%          2

Your spell library contained the following spells:

 Spells                   Type           Power      Damage    Failure   Level
 Gell's Gravitas          Tloc           8%         N/A       8%          3
 Lesser Beckoning         Tloc           8%         N/A       8%          3
 Teleport Other           Tloc           17%        N/A       8%          3
 Manifold Assault         Tloc           17%        N/A       56%         5


Dungeon Overview and Level Annotations

Branches:
Dungeon (3/15)              Sewer (1/1)

Altars:

Annotations:
Sewer Purgy


Innate Abilities, Weirdness & Mutations

You have very sharp teeth.
Your uncanny sense of smell can sniff out nearby items.
Your experience applies equally to all skills.


Message History

Purgy is heavily wounded.
Purgy bites you. Purgy claws you but does no damage. x2
You completely miss Purgy.
Purgy is heavily wounded.
Purgy bites you. Purgy closely misses you. Purgy claws you but does no damage.
You are too injured to fight recklessly!
You are too injured to fight recklessly!
You are too injured to fight recklessly!
You are too injured to fight recklessly!
You hit Purgy.
Purgy is heavily wounded.
Purgy barely misses you. Purgy claws you but does no damage.
Purgy closely misses you.
You hit Purgy. You bite Purgy, but do no damage.
Purgy is severely wounded.
Purgy misses you. Purgy claws you but does no damage. x2
You barely miss Purgy.
Purgy is heavily wounded.
Purgy bites you.
* * * LOW HITPOINT WARNING * * *
Purgy misses you. Purgy barely misses you.
You barely miss Purgy. Your bite misses Purgy.
Purgy is heavily wounded.
Purgy closely misses you. Purgy claws you.
* * * LOW HITPOINT WARNING * * *
Purgy barely misses you.
You closely miss Purgy.
Purgy is heavily wounded.
Purgy bites you!
* * * LOW HITPOINT WARNING * * *
Purgy claws you but does no damage. Purgy barely misses you.
You hit Purgy.
Purgy is heavily wounded.
Purgy hisses menacingly.
Purgy barely misses you. Purgy misses you. Purgy claws you but does no damage.
Purgy bites you but does no damage. Purgy claws you but does no damage. x2
You hit Purgy. Lightning courses through Purgy! Your bite misses Purgy.
Purgy is almost dead.
Purgy barely misses you. Purgy claws you.
You die...

#.≈≈≈.##
#≈..#
##..##
#.≈.#
##..# #.
#..# #..
#≈.# #≈.#
##T≈# #...
#@..#
#≈.###..##
#..≈#≈..#
#≈.≈..##
#.....#
##..≈##
#.≈.#
##.## #.#


You could see Purgy.

Vanquished Creatures
  2 adders (D:2)
  2 worms (D:2)
  A dart slug (D:3)
  5 bats
  2 endoplasms
  A giant cockroach (D:1)
  3 goblins
  2 hobgoblins
  4 jackals
  2 quokkas (D:1)
  4 ball pythons
  2 frilled lizards
  10 kobolds
  3 rats
43 creatures vanquished.

Notes
Turn   | Place    | Note
-------+----------+-------------------------------------------
     0 | D:1      | oldmanjim the Gnoll Warper began the quest for the Orb.
     0 | D:1      | Reached XP level 1. HP: 20/20 MP: 6/6
   327 | D:1      | Reached XP level 2. HP: 24/26 MP: 7/7
  1256 | D:2      | Reached skill level 5 in Spellcasting
  1256 | D:2      | Reached XP level 3. HP: 31/31 MP: 7/9
  1313 | D:2      | Reached skill level 1 in Invocations
  1371 | D:2      | Learned a level 2 spell: Blink
  1544 | D:2      | Reached skill level 1 in Short Blades
  1544 | D:2      | Reached skill level 1 in Long Blades
  1544 | D:2      | Reached skill level 1 in Maces & Flails
  1544 | D:2      | Reached skill level 1 in Polearms
  1544 | D:2      | Reached skill level 1 in Staves
  1544 | D:2      | Reached skill level 1 in Slings
  1544 | D:2      | Reached skill level 1 in Bows
  1544 | D:2      | Reached skill level 1 in Crossbows
  1544 | D:2      | Reached skill level 1 in Stealth
  1544 | D:2      | Reached skill level 1 in Shields
  1544 | D:2      | Reached skill level 1 in Unarmed Combat
  1544 | D:2      | Reached skill level 1 in Evocations
  2121 | D:3      | Reached XP level 4. HP: 12/38 MP: 11/11
  2132 | D:3      | Found a faded altar of an unknown god.
  2160 | D:3      | Found a glowing drain.
  2182 | Sewer    | Entered a sewer
  2441 | Sewer    | Noticed Purgy
  2472 | Sewer    | Slain by Purgy

Illustrated notes

Levels and vault maps discovered:
D:1:      psy_arrival_conway, layout_loops_ring
D:2:      layout_basic
D:3:      layout_loops_ring, cheibrodos_sewer_entry_sluice,
          basic_ecumenical_altar, gammafunk_ghost_cemetery, nrook_uturn,
          minmay_misc_feat_plants
Sewer:    sewer_the_moccasin

Skill      XL: |  1  2  3 |
---------------+----------+-----
Spellcasting   | 5 |  5.0
Invocations    | 1 |  1.1
Short Blades   | 1 |  1.0
Long Blades    | 1 |  1.0
Maces & Flails | 1 |  1.0
Polearms       | 1 |  1.0
Staves         | 1 |  1.0
Slings         | 1 |  1.0
Bows           | 1 |  1.0
Crossbows      | 1 |  1.0
Stealth        | 1 |  1.0
Shields        | 1 |  1.0
Unarmed Combat | 1 |  1.0
Evocations     | 1 |  1.0
Fighting       | |  4.6
Axes           | |  4.6
Throwing       | |  2.7
Armour         | |  2.7
Dodging        | |  4.6
Conjurations   | |  0.8
Hexes          | |  0.8
Summonings     | |  0.8
Necromancy     | |  0.8
Translocations | |  5.4
Transmutations | |  0.8
Fire Magic     | |  0.8
Ice Magic      | |  0.8
Air Magic      | |  0.8
Earth Magic    | |  0.8
Poison Magic   | |  0.8

Action                   |  1- 3 |  4- 6 || total
-------------------------+-------+-------++-------
Melee: Hand axe          |    42 |       ||    42
       Bite              |     4 |     2 ||     6
       Short sword       |    36 |    35 ||    71
 Fire: Hunting sling     |    49 |     2 ||    51
  Use: Potion            |     3 |       ||     3
 Stab: Sleeping          |     1 |       ||     1
Armor: Leather armour    |    28 |    35 ||    63
Dodge: Dodged            |    47 |    43 ||    90
